 Dungeon Crawl Stone Soup version 0.30-a0-165-g1891117ce2 (webtiles) character file.

Game seed: 7359055718981890749

12698 qw the Cleaver (level 11, -4/73 HPs)
             Began as a Gargoyle Fighter on Sept 28, 2022.
             Was a High Priest of Okawaru.
             Slain by a bone dragon (13 damage)
             ... on level 1 of the Abyss.
             The game lasted 00:03:54 (8547 turns).

qw the Cleaver (Gargoyle Fighter)                   Turns: 8547, Time: 00:03:55

Health: -4/73      AC: 35    Str: 19 (20) XL:     11   Next: 97%
Magic:  2/14       EV:  9    Int:  5      God:    Okawaru [*****.]
Gold:   364        SH:  5    Dex:  5      Spells: 10/10 levels left

rFire   + . .      SeeInvis +    Y - +2 broad axe (vorpal)
rCold   . . .      Faith    .    c - +0 buckler
rNeg    + . .      Spirit   .    j - +3 chain mail of the Ward {rF+}
rPois   inf        Reflect  .    r - +0 helmet
rElec   +          Harm     .    y - +2 cloak
rCorr   .          Rampage  .    q - +1 pair of gloves
Will    .....      Rage     9%   i - +2 pair of boots
Stlth   ..........               m - amulet of regeneration
HPRegen 1.02/turn                f - +4 ring of protection
MPRegen 0.14/turn                o - ring of see invisible

@: berserking, heroic, very quick
A: sickness immunity, AC +8, negative energy resistance 1, electricity
resistance, torment resistance 1, petrification resistance, [berserk 2], [clumsy
2], [deformed body], [deterioration 2], [dopey 2], [frail 3], [low MP 2], [weak
2], [subdued magic 2]
a: Renounce Religion, Heroism, Finesse, Duel


You were on level 1 of the Abyss.
You worshipped Okawaru.
Okawaru was extremely pleased with you.
You visited 3 branches of the dungeon, and saw 12 of its levels.
You visited the Abyss 1 time.

You collected 599 gold pieces.
You spent 235 gold pieces at shops.


Innate Abilities, Weirdness & Mutations

You are immune to sickness and miasma.
Your stone body is resilient. (AC +8)
You are immune to poison.
You resist negative energy. (rN+)
You are resistant to electric shocks. (rElec)
You are resistant to unholy torment.
You are immune to petrification.
[You have an uncontrollable temper.]
[You are very clumsy. (Dex -4)]
[Armour fits poorly on your strangely shaped body.]
[Your body often deteriorates upon taking damage.]
[You are very dopey. (Int -4)]
[You are extremely frail. (-30% HP)]
[Your magical capacity is very low. (-20% MP)]
[You are very weak. (Str -4)]
[Your spells are easier to cast, but less powerful.]


   Skills:
 - Level 9.0(14.0) Fighting
 + Level 11.0(16.0) Axes
 - Level 4.0(9.0) Throwing
 - Level 8.0(13.0) Armour
 - Level 2.0(7.0) Dodging
 - Level 5.0(10.0) Shields
 + Level 9.5 Invocations


You had 10 spell levels left.
You didn't know any spells.
Your spell library was empty.

Inventory:

Hand Weapons
 w - a +0 flail
 Y - a +2 vorpal broad axe (weapon)
Missiles
 u - 2 javelins
 C - 3 boomerangs
 G - 2 silver javelins (quivered)
Armour
 c - a +0 buckler (worn)
 i - a +2 pair of boots (worn)
 j - the +3 chain mail of the Ward (worn) {rF+}
   (You found it on level 2 of the Dungeon)

   rF:        It protects you from fire.
 l - +0 ice dragon scales
 q - a +1 pair of gloves (worn)
 r - a +0 helmet (worn)
 y - a +2 cloak (worn)
 H - a +0 plate armour
Jewellery
 b - a ring of resist corrosion
 f - a +4 ring of protection (left hand)
 m - an amulet of regeneration (around neck)
 o - a ring of see invisible (right hand)
 t - a ring of ice
 B - a ring of resist corrosion
Wands
 p - a wand of digging (5)
Scrolls
 k - a scroll of identify
 v - 3 scrolls of teleportation
Potions
 a - 4 potions of haste
 d - 5 potions of might
 e - 2 potions of cancellation
 g - 4 potions of curing
 h - 2 potions of mutation
 n - a potion of degeneration {unknown}
 x - 2 potions of lignification
 z - a potion of ambrosia {unknown}
 A - a potion of attraction {unknown}
 D - a potion of resistance {unknown}
 I - a potion of magic {unknown}

Dungeon Overview and Level Annotations

Branches:
Dungeon (8/15)             Temple (1/1) D:5            Lair (3/5) D:8
  Swamp (0/4) Lair:2       Spider (0/4) Lair:2

Altars:
Ashenzari
Cheibriados
Dithmenos
Elyvilon
Gozag
Hepliaklqana
Kikubaaqudgha
Okawaru
Qazlal
Ru
Sif Muna
Trog
Uskayaw
Vehumet
Wu Jian
Xom
Zin
The Shining One

Shops:
D:1 (   D:6 *

Annotations:
Lair:3 Sonja


Message History

The bone dragon bites you but does no damage.
You block the bone dragon's attack. The bone dragon misses you.
You slash the bone dragon!
The bone dragon is moderately damaged.
You hit the bone dragon.
The bone dragon is moderately damaged.
The reaper draws a finger across its throat.
The reaper hits you from afar with a +2 antimagic scythe.
You feel your power leaking away.
The bone dragon bites you but does no damage.
The bone dragon claws you but does no damage.
You block the bone dragon's attack.
You slash the bone dragon!
The bone dragon is moderately damaged.
You slice the bone dragon!!
The bone dragon is heavily damaged.
You block the reaper's attack.
The bone dragon bites you but does no damage.
You block the bone dragon's attack.
The bone dragon tramples you but does no damage.
You barely miss the bone dragon.
The bone dragon is heavily damaged.
You slice the bone dragon!!
The bone dragon is severely damaged.
The bone dragon bites you but does no damage.
You block the bone dragon's attack.
The bone dragon tramples you but does no damage.
The reaper hits you but does no damage.
You slash the bone dragon!
The bone dragon is severely damaged.
You slash the bone dragon!
The bone dragon is severely damaged.
The reaper hits you but does no damage. The bone dragon bites you!
Your body deteriorates!
You feel weakened.
The bone dragon claws you but does no damage.
The bone dragon completely misses you.
You slash the bone dragon!
The bone dragon is almost destroyed.
The bone dragon bites you!
You die...

# #. #
#..#####.#.#.
#...@......._
###.D..#.#....
#.#..2.#..
##...#..#. #
#.#....# # .#
#.##.. # # ..
... #.. #.


You could see a bone dragon and a reaper.

Vanquished Creatures
  Nergalle (Lair:1)
  A wretched star (Abyss:1)
  Pikel (D:6)
  2 large abominations (Abyss:1)
  A cane toad (Lair:2)
  Maggie (Lair:1)
  2 rime drakes
  A komodo dragon (Lair:1)
  A hornet (D:7)
  Grinder (D:5)
  Prince Ribbit (Lair:1)
  13 blink frogs
  3 yaks (Lair:1)
  3 wyverns
  A ynoxinul (Abyss:1)
  3 basilisks
  2 steam dragons
  An acid dragon (D:7)
  7 water moccasins
  3 ice beasts
  Pargi (D:3)
  4 black bears
  3 sky beasts
  3 wolves (D:8)
  3 centaurs
  3 lemures (D:6)
  A kobold brigand (D:6)
  7 bullfrogs
  7 scorpions
  A necrophage (D:5)
  9 killer bees
  5 howler monkeys
  2 orc priests
  8 hounds
  3 jellies
  Jessica (D:3)
  3 iguanas
  Terence (D:3)
  3 orc wizards
  9 adders
  2 shadow imps
  3 white imps
  An ufetubus (D:6)
  3 dart slugs
  17 orcs
  5 endoplasms
  2 giant cockroaches
  5 goblins
  6 hobgoblins
  12 kobolds
  6 quokkas
  5 ball pythons
  2 bats
  3 frilled lizards (D:1)
  2 rats
200 creatures vanquished.

Vanquished Creatures (others)
  A shadow imp (D:8)
  6 fungi
  9 plants
16 creatures vanquished.

Grand Total: 216 creatures vanquished

Notes
Turn   | Place    | Note
-------+----------+-------------------------------------------
     0 | D:1      | qw the Gargoyle Fighter began the quest for the Orb.
     0 | D:1      | Reached XP level 1. HP: 14/14 MP: 1/1
     0 | D:1      | 0 ||| qw: Version: 0.2-a-12-gaebbb33
     0 | D:1      | 0 ||| qw: Game counter: 780
     0 | D:1      | 0 ||| qw: Always use a shield: true
     0 | D:1      | 0 ||| qw: God list: Okawaru
     0 | D:1      | 0 ||| qw: Allow faded altars: false
     0 | D:1      | 0 ||| qw: Do Orc after D:15 true
     0 | D:1      | 0 ||| qw: Do second Lair branch before Depths: true
     0 | D:1      | 0 ||| qw: Lair rune preference: random
     0 | D:1      | 0 ||| qw: Plans: Normal, Zot:1-4, God:TSO, Crypt, Tomb,
                  | Pan, Slime:5, Hells, Abyss, Orb
     0 | D:1      | 0 ||| PLANNING D:1-11
    21 | D:1      | Reached skill level 2 in Axes
   128 | D:1      | Reached XP level 2. HP: 19/19 MP: 2/2
   149 | D:1      | 149 ||| Stepping ~*~*~tactically~*~*~ (stealth).
   447 | D:1      | Reached skill level 3 in Axes
   470 | D:1      | Reached XP level 3. HP: 15/23 MP: 3/3
   891 | D:1      | Found Cuilya Coycw's Weapon Emporium.
   894 | D:1      | 894 ||| SHOPLISTING +0 flail (45 gold, have 36).
   987 | D:1      | 987 ||| UPGRADING to +4 ring of protection.
   988 | D:1      | 988 ||| READING scroll labelled GIDUARETSISK.
  1130 | D:2      | Found a faded altar of an unknown god.
  1169 | D:2      | Identified the +3 chain mail of the Ward {rF+}
  1476 | D:2      | 1476 ||| DROPPING +0 club.
  1756 | D:2      | 1756 ||| UPGRADING to +2 pair of boots.
  1761 | D:2      | 1761 ||| UPGRADING to +3 chain mail of the Ward {rF+}.
  1771 | D:2      | 1771 ||| DROPPING +0 scale mail.
  1772 | D:2      | 1772 ||| UPGRADING to amulet of regeneration.
  1777 | D:2      | 1777 ||| UPGRADING to ring of see invisible.
  1778 | D:2      | 1778 ||| READING scroll labelled HUEFUKEH PAOL.
  1779 | D:2      | 1779 ||| READING scroll labelled XUVEIN ZILAELL.
  1782 | D:2      | 1782 ||| READING scroll labelled SAGGUA VOETZ.
  1783 | D:2      | 1783 ||| READING 2 scrolls labelled XOEBRU RAJEENNA.
  1784 | D:2      | 1784 ||| DRINKING 2 fizzy blue potions.
  1836 | D:3      | Noticed Pargi
  1873 | D:3      | Killed Pargi
  1874 | D:3      | Reached skill level 4 in Axes
  1874 | D:3      | Reached XP level 4. HP: 19/28 MP: 4/4
  1874 | D:3      | Reached XP level 5. HP: 21/32 MP: 5/5
  1940 | D:3      | 1940 ||| Stepping ~*~*~tactically~*~*~ (stealth).
  1941 | D:3      | 1941 ||| Stepping ~*~*~tactically~*~*~ (stealth).
  1944 | D:3      | Noticed Terence
  1946 | D:3      | 1946 ||| Stepping ~*~*~tactically~*~*~ (stealth).
  1948 | D:3      | Killed Terence
  1949 | D:3      | Reached skill level 5 in Axes
  1953 | D:3      | 1953 ||| Stepping ~*~*~tactically~*~*~ (hiding).
  1961 | D:3      | 1961 ||| Stepping ~*~*~tactically~*~*~ (stealth).
  1989 | D:3      | 1989 ||| Stepping ~*~*~tactically~*~*~ (stealth).
  1992 | D:3      | 1992 ||| Stepping ~*~*~tactically~*~*~ (stealth).
  2013 | D:3      | Noticed Jessica
  2014 | D:3      | 2014 ||| Stepping ~*~*~tactically~*~*~ (stealth).
  2033 | D:3      | Killed Jessica
  2431 | D:3      | 2431 ||| UPGRADING to +0 helmet.
  2436 | D:3      | 2436 ||| READING 2 scrolls labelled GISKUI NUOMAS.
  2437 | D:3      | 2437 ||| READING scroll labelled ADYENY RABUASS.
  2538 | D:3      | 2538 ||| DRINKING 2 blue potions.
  2539 | D:3      | 2539 ||| DRINKING 2 white potions.
  2540 | D:3      | 2540 ||| DRINKING 2 puce potions.
  2541 | D:3      | 2541 ||| DROPPING scroll of amnesia.
  2542 | D:3      | 2542 ||| DROPPING potion of flight.
  2593 | D:4      | Reached skill level 1 in Throwing
  2593 | D:4      | Reached XP level 6. HP: 38/38 MP: 6/6
  2743 | D:4      | 2743 ||| Stepping ~*~*~tactically~*~*~ (stealth).
  2762 | D:4      | 2762 ||| Stepping ~*~*~tactically~*~*~ (stealth).
  2763 | D:4      | 2763 ||| READING scroll of teleportation.
  2766 | D:4      | 2766 ||| FLEEEEING.
  2800 | D:4      | 2800 ||| Stepping ~*~*~tactically~*~*~ (stealth).
  2801 | D:4      | 2801 ||| Stepping ~*~*~tactically~*~*~ (stealth).
  2857 | D:4      | 2857 ||| READING scroll labelled NYLUIM HYASARA.
  2858 | D:4      | 2858 ||| Stepping randomly (stuck).
  2859 | D:4      | 2859 ||| Stepping randomly (stuck).
  2864 | D:4      | 2864 ||| Stepping ~*~*~tactically~*~*~ (stealth).
  2866 | D:4      | Reached skill level 6 in Axes
  2903 | D:4      | Reached XP level 7. HP: 40/43 MP: 7/7
  3126 | D:4      | 3126 ||| READING 2 scrolls of identify.
  3126 | D:4      | 3126 ||| IDENTIFYING smoky inky potion
  3135 | D:4      | 3135 ||| Stepping ~*~*~tactically~*~*~ (hiding).
  3159 | D:5      | Entered Level 5 of the Dungeon
  3212 | D:5      | Reached skill level 1 in Dodging
  3357 | D:5      | Found a staircase to the Ecumenical Temple.
  3358 | D:5      | 3358 ||| PLANNING TEMPLE
  3358 | D:5      | 3358 ||| READING 2 scrolls of identify.
  3358 | D:5      | 3358 ||| IDENTIFYING purple potion
  3359 | D:5      | 3359 ||| DROPPING potion of berserk rage.
  3365 | Temple   | Entered the Ecumenical Temple
  3367 | Temple   | 3367 ||| PLANNING OKAWARU WORSHIP
  3467 | Temple   | Became a worshipper of Warmaster Okawaru
  3468 | Temple   | 3468 ||| PLANNING D:1-11
  3496 | D:5      | Reached skill level 7 in Axes
  3506 | D:5      | Reached XP level 8. HP: 44/48 MP: 8/8
  3648 | D:5      | Noticed Grinder
  3659 | D:5      | Killed Grinder
  3660 | D:5      | Reached skill level 6 in Fighting
  3669 | D:5      | 3669 ||| FLEEEEING.
  3849 | D:5      | 3849 ||| UPGRADING to +0 pair of gloves.
  3893 | D:6      | Reached * piety under Okawaru
  3955 | D:6      | Found Astrekea's Assorted Antiques.
  3970 | D:6      | 3970 ||| Stepping ~*~*~tactically~*~*~ (stealth).
  3972 | D:6      | 3972 ||| Stepping ~*~*~tactically~*~*~ (hiding).
  3978 | D:6      | 3978 ||| INVOKING Heroism.
  3985 | D:6      | Reached skill level 1 in Invocations
  3999 | D:6      | 3999 ||| DROPPING +0 whip.
  4274 | D:6      | 4274 ||| BUYING black potion (18 gold).
  4274 | D:6      | Bought a black potion for 18 gold pieces
  4274 | D:6      | 4274 ||| BUYING emerald potion (18 gold).
  4274 | D:6      | Bought an emerald potion for 18 gold pieces
  4274 | D:6      | 4274 ||| BUYING glowing cloak (157 gold).
  4274 | D:6      | Bought a glowing cloak for 157 gold pieces
  4274 | D:6      | 4274 ||| SHOPLISTING potion of haste (210 gold, have 96).
  4274 | D:6      | 4274 ||| BUYING scroll of identify (42 gold).
  4274 | D:6      | Bought a scroll of identify for 42 gold pieces
  4274 | D:6      | 4274 ||| SHOPLISTING scroll of teleportation (63 gold, have
                  | 54).
  4485 | D:6      | 4485 ||| Stepping ~*~*~tactically~*~*~ (hiding).
  4487 | D:6      | 4487 ||| Stepping ~*~*~tactically~*~*~ (hiding).
  4491 | D:6      | Noticed Pikel
  4492 | D:6      | 4492 ||| INVOKING Heroism.
  4500 | D:6      | Reached skill level 3 in Invocations
  4512 | D:6      | Killed Pikel
  4512 | D:6      | Reached ** piety under Okawaru
  4513 | D:6      | Reached skill level 8 in Axes
  4513 | D:6      | Reached XP level 9. HP: 33/55 MP: 10/12
  4547 | D:6      | 4547 ||| Stepping ~*~*~tactically~*~*~ (stealth).
  4555 | D:6      | 4555 ||| Stepping ~*~*~tactically~*~*~ (stealth).
  4557 | D:6      | 4557 ||| Stepping ~*~*~tactically~*~*~ (hiding).
  4753 | D:6      | 4753 ||| Stepping ~*~*~tactically~*~*~ (stealth).
  4754 | D:6      | 4754 ||| Stepping ~*~*~tactically~*~*~ (stealth).
  4823 | D:6      | 4823 ||| Stepping ~*~*~tactically~*~*~ (stealth).
  4825 | D:6      | 4825 ||| INVOKING Heroism.
  4828 | D:6      | Reached skill level 9 in Axes
  4963 | D:6      | 4963 ||| UPGRADING to +2 cloak.
  4968 | D:6      | 4968 ||| READING scroll labelled UMIK WEHIBOCUS.
  4969 | D:6      | 4969 ||| READING 3 scrolls of identify.
  4969 | D:6      | 4969 ||| IDENTIFYING bubbling grey potion
  4970 | D:6      | 4970 ||| READING 2 scrolls of identify.
  4970 | D:6      | 4970 ||| IDENTIFYING fizzy green potion
  4971 | D:6      | 4971 ||| DROPPING potion of brilliance.
  5066 | D:7      | 5066 ||| INVOKING Heroism.
  5080 | D:7      | Reached skill level 3 in Throwing
  5261 | D:7      | 5261 ||| Stepping ~*~*~tactically~*~*~ (hiding).
  5330 | D:7      | 5330 ||| Stepping ~*~*~tactically~*~*~ (stealth).
  5332 | D:7      | 5332 ||| Stepping ~*~*~tactically~*~*~ (hiding).
  5357 | D:7      | Noticed a hornet
  5358 | D:7      | 5358 ||| Stepping ~*~*~tactically~*~*~ (stealth).
  5359 | D:7      | 5359 ||| Stepping ~*~*~tactically~*~*~ (stealth).
  5379 | D:7      | Killed a hornet
  5379 | D:7      | Reached *** piety under Okawaru
  5387 | D:7      | 5387 ||| Stepping ~*~*~tactically~*~*~ (stealth).
  5438 | D:7      | Reached XP level 10. HP: 63/63 MP: 13/13
  5558 | D:7      | 5558 ||| Stepping ~*~*~tactically~*~*~ (hiding).
  5574 | D:7      | Reached skill level 6 in Armour
  5579 | D:7      | 5579 ||| SWAPPING to +2 war axe of electrocution.
  5580 | D:7      | 5580 ||| DROPPING +0 war axe.
  5721 | D:8      | 5721 ||| Stepping ~*~*~tactically~*~*~ (hiding).
  5723 | D:8      | 5723 ||| INVOKING Heroism.
  5740 | D:8      | Reached skill level 10 in Axes
  5742 | D:8      | Received a gift from Okawaru
  5743 | D:8      | Reached **** piety under Okawaru
  5754 | D:8      | Found a staircase to the Lair.
  5764 | D:8      | 5764 ||| INVOKING Heroism.
  5910 | D:8      | 5910 ||| Stepping ~*~*~tactically~*~*~ (hiding).
  5914 | D:8      | 5914 ||| INVOKING Heroism.
  5920 | D:8      | 5920 ||| Stepping ~*~*~tactically~*~*~ (hiding).
  5922 | D:8      | 5922 ||| Stepping ~*~*~tactically~*~*~ (hiding).
  5938 | D:8      | 5938 ||| Stepping ~*~*~tactically~*~*~ (stealth).
  6259 | D:8      | 6259 ||| INVOKING Heroism.
  6297 | D:8      | 6297 ||| Stepping ~*~*~tactically~*~*~ (stealth).
  6302 | D:8      | 6302 ||| Stepping ~*~*~tactically~*~*~ (hiding).
  6600 | D:8      | 6600 ||| PLANNING LAIR
  6600 | D:8      | 6600 ||| READING scroll labelled ZYUBUAWEYS.
  6642 | Lair:1   | Entered Level 1 of the Lair of Beasts
  6648 | Lair:1   | Noticed Nergalle
  6649 | Lair:1   | 6649 ||| INVOKING Heroism.
  6662 | Lair:1   | Killed Nergalle
  6703 | Lair:1   | 6703 ||| Stepping ~*~*~tactically~*~*~ (stealth).
  6704 | Lair:1   | 6704 ||| INVOKING Heroism.
  6711 | Lair:1   | Noticed Prince Ribbit
  6720 | Lair:1   | Killed Prince Ribbit
  6732 | Lair:1   | Reached XP level 11. HP: 68/68 MP: 15/15
  6737 | Lair:1   | Reached skill level 6 in Invocations
  6777 | Lair:1   | 6777 ||| Stepping ~*~*~tactically~*~*~ (hiding).
  6778 | Lair:1   | 6778 ||| Stepping ~*~*~tactically~*~*~ (hiding).
  6782 | Lair:1   | 6782 ||| INVOKING Heroism.
  6801 | Lair:1   | 6801 ||| Stepping ~*~*~tactically~*~*~ (hiding).
  6904 | Lair:1   | Noticed Maggie
  6905 | Lair:1   | 6905 ||| Stepping ~*~*~tactically~*~*~ (hiding).
  6922 | Lair:1   | Killed Maggie
  6922 | Lair:1   | Reached ***** piety under Okawaru
  6935 | Lair:1   | Found a dark tunnel.
  7133 | Lair:1   | 7133 ||| INVOKING Heroism.
  7205 | Lair:1   | You fall into a shaft and drop 1 floor!
  7209 | Lair:2   | Found a staircase to the Swamp.
  7218 | Lair:2   | 7218 ||| Stepping ~*~*~tactically~*~*~ (stealth).
  7219 | Lair:2   | 7219 ||| INVOKING Heroism.
  7220 | Lair:2   | 7220 ||| Stepping ~*~*~tactically~*~*~ (stealth).
  7233 | Lair:2   | 7233 ||| INVOKING Heroism.
  7325 | Lair:1   | Reached skill level 11 in Axes
  7589 | Lair:1   | 7589 ||| READING scroll labelled GUMPUU LEGA.
  7636 | Lair:2   | 7636 ||| Stepping ~*~*~tactically~*~*~ (stealth).
  7638 | Lair:2   | 7638 ||| Stepping ~*~*~tactically~*~*~ (stealth).
  7641 | Lair:2   | 7641 ||| INVOKING Heroism.
  7721 | Lair:2   | Found a hole to the Spider Nest.
  7722 | Lair:2   | 7722 ||| INVOKING Heroism.
  7738 | Lair:2   | Received a gift from Okawaru
  7744 | Lair:2   | 7744 ||| INVOKING Heroism.
  7759 | Lair:2   | 7759 ||| SWAPPING to +2 vorpal broad axe.
  7774 | Lair:2   | 7774 ||| DROPPING +2 war axe of venom.
  7775 | Lair:2   | 7775 ||| READING scroll of enchant armour.
  7775 | Lair:2   | 7775 ||| ENCHANTING +0 pair of gloves.
  7875 | Lair:2   | 7875 ||| INVOKING Heroism.
  8272 | Lair:2   | 8272 ||| READING scroll labelled CEMYSANOSS.
  8273 | Lair:2   | 8273 ||| READING scroll labelled DINNAA REACK.
  8326 | Lair:3   | Noticed Sonja
  8327 | Lair:3   | 8327 ||| Stepping ~*~*~tactically~*~*~ (hiding).
  8328 | Lair:3   | 8328 ||| Stepping ~*~*~tactically~*~*~ (hiding).
  8329 | Lair:3   | 8329 ||| INVOKING Finesse.
  8333 | Lair:3   | 8333 ||| INVOKING Heroism.
  8344 | Lair:3   | Reached skill level 9 in Fighting
  8344 | Lair:3   | Reached skill level 9 in Invocations
  8348 | Lair:3   | 8348 ||| FLEEEEING.
  8349 | Lair:3   | 8349 ||| STAIRDANCE
  8394 | Abyss:1  | Cast into level 1 of the Abyss (Sonja)
  8421 | Abyss:1  | Noticed a large abomination
  8426 | Abyss:1  | 8426 ||| INVOKING Heroism.
  8428 | Abyss:1  | Killed a large abomination
  8439 | Abyss:1  | HP: 8/71 [large abomination (17)]
  8440 | Abyss:1  | 8440 ||| READING 4 scrolls of teleportation.
  8458 | Abyss:1  | Found a corrupted altar of Lugonu.
  8510 | Abyss:1  | Noticed a wretched star
  8516 | Abyss:1  | Noticed a bone dragon
  8523 | Abyss:1  | Noticed a reaper
  8527 | Abyss:1  | 8527 ||| INVOKING Heroism.
  8532 | Abyss:1  | Killed a wretched star
  8546 | Abyss:1  | HP: 8/73 [bone dragon (14)]
  8547 | Abyss:1  | Slain by a bone dragon

Levels and vault maps discovered:
D:1:      sevenhm_arrival_forest_fort_small_4, layout_basic, serial_shops,
          nicolae_shop_behind_doors
D:2:      layout_basic, hellmonk_ecumenical_altar_arch_garden,
          minmay_misc_feat_enclosed
D:3:      layout_basic, uniq_terence, uniq_jessica, uniq_pargi
D:4:      layout_rooms, nicolae_concentric_dashed_squares_wild,
          eino_small_chamber_without_monster, grunt_decor_one_mirror
D:5:      layout_basic, minmay_temple_entry_statues_pillars, uniq_grinder
D:6:      layout_gridville, serial_shops, nicolae_inconvenience_store,
          uniq_pikel
D:7:      layout_loops_ring
D:8:      layout_loops_corners, minmay_lair_entry_grove, kennysheep_potato
Temple:   compressed_dpeg_circular_temple
Lair:1:   layout_chaotic_city, enter_volcano_4, uniq_prince_ribbit2,
          uniq_maggie, uniq_nergalle
Lair:2:   layout_chaotic_city, swamp_mist, spider_nest_entry_web_field,
          grunt_megastairs_1
Lair:3:   layout_roguey, serial_bayou_pond_c, uniq_sonja
Abyss:1:  base:
D:1

Skill      XL: |  1  2  3  4  5  6  7  8  9 10 11 |
---------------+----------------------------------+-----
Axes           | 2 3 4 5 6 7 8 9 10 11 | 11.0
Fighting       | 4 6 7 8 9 |  9.0
Throwing       | 1 2 3 4 |  4.0
Dodging        | 1 2 |  2.0
Armour         | 4 5 7 8 |  8.0
Invocations    | 4 5 9 |  9.5
Shields        | 4 5 |  5.0

Action                   |  1- 3 |  4- 6 |  7- 9 | 10-12 || total
-------------------------+-------+-------+-------+-------++-------
Melee: War axe           |   132 |    78 |   297 |   260 ||   767
       Broad axe         |       |       |       |    66 ||    66
Throw: Javelin           |       |    17 |    45 |    34 ||    96
       Boomerang         |       |       |       |    14 ||    14
Invok: Heroism           |       |       |     4 |    17 ||    21
       Finesse           |       |       |       |     1 ||     1
  Use: Scroll            |     5 |     4 |     5 |     6 ||    20
       Potion            |     1 |     3 |       |       ||     4
Armor: Scale mail        |    42 |       |       |       ||    42
       Chain mail        |    72 |    49 |   252 |   226 ||   599
Dodge: Dodged            |    71 |    21 |   109 |   108 ||   309
Block: Buckler           |    27 |    17 |    64 |    68 ||   176

Table legend:
 A = Non-vault XP
 B = Vault XP
 C = Vault XP percentage of total XP
 D = Non-vault monster count
 E = Vault monster count
 F = Vault count percentage of total count
                 A         B        C        D         E       F
            +---------+---------+-------+---------+---------+-------
      Total |   11903 |    6238 |  34.4 |     167 |      30 |  15.2
            +---------+---------+-------+---------+---------+-------
        D:1 |      41 |       0 |   0.0 |      24 |       0 |   0.0
        D:2 |      27 |       0 |   0.0 |       8 |       0 |   0.0
        D:3 |      34 |     203 |  85.7 |      10 |       3 |  23.1
        D:4 |     375 |       0 |   0.0 |      18 |       0 |   0.0
        D:5 |     667 |     277 |  29.3 |      11 |       1 |   8.3
        D:6 |    1070 |     673 |  38.6 |      30 |       1 |   3.2
        D:7 |    1369 |       0 |   0.0 |      18 |       0 |   0.0
        D:8 |     913 |    1844 |  66.9 |      17 |      14 |  45.2
     Lair:1 |    2008 |    2198 |  52.3 |      12 |       6 |  33.3
     Lair:2 |    3240 |    1043 |  24.4 |      13 |       5 |  27.8
     Lair:3 |     461 |       0 |   0.0 |       2 |       0 |   0.0
    Abyss:1 |    1698 |       0 |   0.0 |       4 |       0 |   0.0
            +---------+---------+-------+---------+---------+-------
